 Dungeon Crawl Stone Soup version 0.22-a0-359-g5e80d7e (webtiles) character file.

603 operationiv the Ruffian (level 7, -1/67 HPs)
             Began as a Troll Monk on Apr 18, 2018.
             Was a Believer of Okawaru.
             Splashed by a jelly's acid (5 damage)
             ... on level 4 of the Dungeon.
             The game lasted 00:04:14 (2674 turns).

operationiv the Ruffian (Troll Monk)                Turns: 2674, Time: 00:04:15

Health: -1/67      AC: -23   Str: 21    XL:     7   Next: 18%
Magic:  7/7        EV:  7    Int:  6    God:    Okawaru [**....]
Gold:   161        SH:  7    Dex: 13    Spells: 6/6 levels left

rFire    . . .     SeeInvis .     - Unarmed
rCold    . . .     Gourm    +   x - +0 shield
rNeg     . . .     Faith    .   a - +0 robe
rPois    .         Spirit   .   (helmet restricted)
rElec    .         Reflect  .   (no cloak)
rCorr    .         Harm     .   (gloves unavailable)
MR       .....                  (boots unavailable)
Stlth    ++........             h - amulet of rage {+Rage, !d}
HPRegen  0.61/turn              k - ring of flight {+Fly, !d}
MPRegen  0.10/turn              (no ring)

@: corroded
A: large, unfitting armour, claws 3, fast metabolism 3, gourmand, regeneration
1, shaggy fur 1, tough skin 2
a: Heroism, Renounce Religion, Evoke Berserk Rage, Evoke Flight


You were on level 4 of the Dungeon.
You worshipped Okawaru.
Okawaru was pleased with you.
You were completely stuffed.

You visited 1 branch of the dungeon, and saw 5 of its levels.

You collected 161 gold pieces.

Inventory:

Hand Weapons
 v - a +0 hand axe of chopping
   (You took it off an orc on level 3 of the Dungeon)
 A - a +2 whip of venom
   (You took it off an orc on level 4 of the Dungeon)
 E - a +2 flail of venom
   (You found it on level 4 of the Dungeon)
Missiles
 y - 4 curare-tipped needles
Armour
 a - a +0 robe (worn)
 x - a +0 shield (worn)
   (You found it on level 3 of the Dungeon)
Jewellery
 h - an amulet of rage (around neck) {+Rage, !d}
   (You found it on level 1 of the Dungeon)
 k - a ring of flight (left claw) {+Fly, !d}
   (You found it on level 1 of the Dungeon)
 n - an uncursed ring of protection from cold {unknown}
   (You found it on level 4 of the Dungeon)
 r - an uncursed ring of resist corrosion {unknown}
   (You found it on level 2 of the Dungeon)
Scrolls
 e - 3 scrolls of identify {unknown}
 f - a scroll of enchant weapon {unknown}
 g - 5 scrolls of blinking {unknown}
 j - 3 scrolls of remove curse {unknown}
 p - 4 scrolls of amnesia {unknown}
 q - 2 scrolls of teleportation {unknown}
 t - a scroll of immolation {unknown}
 w - a scroll of magic mapping {unknown}
 D - a scroll of fog {unknown}
Potions
 c - a potion of resistance {unknown}
 d - a potion of cancellation {unknown}
 i - a potion of lignification {unknown}
 l - a potion of heal wounds {unknown}
 m - a potion of magic {unknown}
 o - 3 potions of curing {unknown}
 s - 4 potions of might {unknown}
 u - a potion of ambrosia {unknown}
 z - 2 potions of flight {unknown}
 B - a potion of brilliance {unknown}
 C - a potion of degeneration {unknown}
Comestibles
 b - 7 rations {@e1}


   Skills:
 + Level 3.4 Fighting
 - Level 2.4 Dodging
 - Level 1.0 Stealth
 + Level 0.1 Shields
 + Level 7.0 Unarmed Combat
 * Level 2.2 Evocations


You had 6 spell levels left.
You didn't know any spells.

Dungeon Overview and Level Annotations

Branches:
Dungeon (5/15)
 Temple: D:4-7

Altars:
Elyvilon
Makhleb
Nemelex Xobeh
Okawaru
Wu Jian
Xom


Innate Abilities, Weirdness & Mutations

You are too large for most types of armour.
You have claws for hands.
Your metabolism is lightning-fast.
You like to eat raw meat.
Your natural rate of healing is unusually fast.
You are covered in fur. (AC +1)
You have very tough skin. (AC +2)


Message History

You miss the adder.
You feel sick. The adder bites you but does no damage.
You scratch the adder but do no damage. You block the adder's attack.
You completely miss the adder. The adder bites you but does no damage.
Unknown command.
You miss the adder. The adder bites you.
You are more poisoned.
The adder poisons you!
You take 4 damage, and have 62/67 hp.
You barely miss the adder.
You feel sick. The adder bites you but does no damage.
The adder closely misses you.
Unknown command.
You scratch the adder.
You feel sick. The adder bites you.
You are more poisoned.
The adder poisons you!
You take 1 damage, and have 61/67 hp.
You scratch the adder.
You kill the adder!
Okawaru accepts your kill.
You feel sick.
You feel sick.
You see here an adder corpse.
You take 1 damage, and have 60/67 hp.
You feel sick.
You feel sick.
You see here an adder corpse.
You take 1 damage, and have 59/67 hp.
You butcher the adder corpse.
You feel sick.
n - a chunk of flesh {@w0} You start resting.
You feel sick. x7
Eating a chunk of flesh {@w0}.
You eat the chunk of flesh {@w0}.
This raw flesh tastes great.
You feel sick. x3
You are no longer poisoned.
You regained 5 hp, and now have 65/67 hp.
z - 2 inky potions (gained 1)
n - a blackened silver ring Health restored: 67 No target in view!
No target in view!
A centaur skeleton comes into view.
A centaur skeleton is nearby!
A centaur skeleton is nearby!
You mangle the centaur skeleton!!
The centaur skeleton hits you but does no damage.
You mangle the centaur skeleton!!
You destroy the centaur skeleton!
Okawaru accepts your kill.
Your Unarmed Combat skill increases to level 7!
No target in view!
You open the door.
There is an open door here.
You now have 151 gold pieces (gained 18).
Found a shimmering altar of Xom.
No target in view!
No target in view!
e - 3 scrolls labeled CUEWEBUELUS (gained 1)
You now have 161 gold pieces (gained 10).
You open the door.
There is an open door here.
Found a stone staircase leading down.
No target in view!
No target in view!
E - a runed flail No target in view!
You feel as though Xom is toying with you.
Suddenly, the walls become transparent!
You open the door.
The jelly quivers.
The jelly barely misses you.
There is an open door here.
Your shield prevents you from hitting the jelly.
The jelly hits you. The acid corrodes you!
You are splashed with acid!
The acid burns!
You take 11 damage, and have 56/67 hp.
You claw the jelly!
Your claws burn!
The jelly hits you. The acid corrodes you!
You are splashed with acid!
The acid burns!
You take 11 damage, and have 45/67 hp.
You scratch the jelly. The acid corrodes you!
Your claws burn!
The jelly hits you. The acid corrodes you!
You are splashed with acid!
The acid burns!
You take 15 damage, and have 30/67 hp.
MASSIVE DAMAGE!!
You scratch the jelly but do no damage. The acid corrodes you!
Your claws burn!
You block the jelly's attack.
You take 3 damage, and have 27/67 hp.
You scratch the jelly but do no damage.
Your claws burn!
The jelly hits you.
You are splashed with acid!
The acid burns!
* * * LOW HITPOINT WARNING * * *
You take 16 damage, and have 11/67 hp.
MASSIVE DAMAGE!!
You scratch the jelly but do no damage.
Your claws burn!
* * * LOW HITPOINT WARNING * * *
You block the jelly's attack.
You take 2 damage, and have 9/67 hp.
Okay, then.
You scratch the jelly but do no damage. The acid corrodes you!
Your claws burn!
* * * LOW HITPOINT WARNING * * *
The jelly closely misses you.
You take 5 damage, and have 4/67 hp.
You scratch the jelly but do no damage. The acid corrodes you!
Your claws burn!
You die...

#............##..##........
#.......#.#..##..##^.......
#......########..##........
#####.##.....##..##.#.#....
#.#..._...#..##.#.#....
###.......#..##.#.#....
+##+##+#..##.#.#.... ##J##
#..##.#......
##+##@##+#..##.#.####.
#...........##.#.####.
#...........##.#......
#...........##.#.####.
########....##.#.# #.
##...##.#.# #.
#...##...####.
##.###........ #.#
#..#.♣.♣.


You could see a jelly.

Vanquished Creatures
  The ghost of Mixedsea the Sneak, an amateur SpAs (D:3)
  A centaur skeleton (D:4)
  An orc priest (D:3)
  6 orc wizards
  Jessica (D:2)
  Natasha (thrice) (D:2)
  Terence (D:2)
  7 adders
  A worm (D:2)
  2 dart slugs
  2 leopard geckos
  19 orcs
  10 giant cockroaches
  12 goblins
  6 hobgoblins
  13 jackals
  4 kobolds
  2 quokkas (D:3)
  2 ball pythons
  7 bats
  10 frilled lizards
  5 rats
116 creatures vanquished.

Notes
Turn   | Place    | Note
-------+----------+-------------------------------------------
     0 | D:1      | operationiv the Troll Monk began the quest for the Orb.
     0 | D:1      | Reached XP level 1. HP: 22/22 MP: 0/0
    39 | D:1      | Reached XP level 2. HP: 28/29 MP: 1/1
    60 | D:1      | Found a sparkling altar of Nemelex Xobeh.
   417 | D:1      | Reached XP level 3. HP: 36/36 MP: 2/2
   674 | D:2      | Noticed Jessica
   684 | D:2      | Killed Jessica
   684 | D:2      | Reached skill level 3 in Fighting
   684 | D:2      | Reached skill level 4 in Unarmed Combat
   772 | D:2      | Found a white marble altar of Elyvilon.
   797 | D:2      | Reached XP level 4. HP: 45/45 MP: 3/3
   853 | D:2      | Noticed Terence
   857 | D:2      | Noticed Natasha
   863 | D:2      | Killed Terence
   866 | D:2      | Killed Natasha
   958 | D:2      | Reached skill level 1 in Evocations
  1006 | D:2      | Noticed Natasha
  1007 | D:2      | Reached XP level 5. HP: 53/53 MP: 4/4
  1009 | D:2      | Killed Natasha
  1009 | D:2      | Reached skill level 5 in Unarmed Combat
  1296 | D:2      | Noticed Natasha
  1308 | D:2      | Killed Natasha
  1328 | D:3      | Noticed Mixedsea's ghost (amateur SpAs)
  1357 | D:3      | Killed Mixedsea's ghost
  1357 | D:3      | Reached XP level 6. HP: 39/61 MP: 4/6
  1371 | D:3      | HP: 15/61 [poisoned by Mixedsea's ghost]
  1376 | D:3      | HP: 15/61 [poisoned by Mixedsea's ghost]
  1552 | D:3      | Reached skill level 6 in Unarmed Combat
  2218 | D:4      | Reached skill level 2 in Evocations
  2231 | D:4      | Reached XP level 7. HP: 67/67 MP: 7/7
  2314 | D:4      | Found an iron altar of Okawaru.
  2386 | D:4      | Found a burning altar of Makhleb.
  2386 | D:4      | Found an ornate altar of the Wu Jian Council.
  2419 | D:4      | Became a worshipper of Warmaster Okawaru
  2419 | D:4      | Reached * piety under Okawaru
  2419 | D:4      | Reached ** piety under Okawaru
  2447 | D:5      | Entered Level 5 of the Dungeon
  2604 | D:4      | Reached skill level 7 in Unarmed Combat
  2621 | D:4      | Found a shimmering altar of Xom.
  2671 | D:4      | HP: 11/67 [acid (10)]
  2673 | D:4      | HP: 4/67 [acid (5)]
  2674 | D:4      | Splashed by a jelly's acid

Vault maps used:
D:1:      grunt_arrival_lava_bath, nemelex_xobeh_ov_fountains_minmay
D:2:      old_standard_altar, uniq_terence, uniq_natasha, uniq_jessica
D:3:      first_ration, minmay_close_crescents
D:4:      kennysheep_little_box, okawaru_trees_1,
          gammafunk_temple_overflow_pools, dk_xom_monty_hall, uniq_grinder,
          uniq_ijyb
D:5:      serial_shops, nicolae_shop_crystal, hangedman_glass_teeth,
          minmay_holes

Skill      XL: |  1  2  3  4  5  6  7 |
---------------+----------------------+-----
Fighting       | 3 |  3.4
Unarmed Combat | 4 5 6 7 |  7.0
Evocations     | 1 2 |  2.2
Dodging        | |  2.4
Stealth        | |  1.0
Shields        | |  0.1

Action                   |  1- 3 |  4- 6 |  7- 9 || total
-------------------------+-------+-------+-------++-------
Melee: Unarmed           |    82 |   177 |    46 ||   305
       Punch             |     1 |     4 |       ||     5
 Abil: Evoke Berserk Rag |       |     5 |       ||     5
 Stab: Sleeping          |     4 |     6 |       ||    10
  Eat: Chunk             |    13 |    17 |     5 ||    35
Armor: Robe              |    18 |    64 |    14 ||    96
Dodge: Dodged            |    41 |    88 |    11 ||   140
Block: Shield            |       |    13 |    15 ||    28

Table legend:
 A = Spawn XP
 B = Non-spawn XP
 C = Spawn XP percentage of total XP
 D = Spawn monster count
 E = Non-spawn monster count
 F = Spawn count percentage of total count
 G = Total turns spent on level
                    A         B        C        D         E        F      G
               +---------+---------+-------+---------+---------+-------+---------
         Total |       0 |     862 |   0.0 |       0 |     116 |   0.0 |  2674
               +---------+---------+-------+---------+---------+-------+---------
           D:1 |       0 |      46 |   0.0 |       0 |      28 |   0.0 |   661
           D:2 |       0 |     249 |   0.0 |       0 |      25 |   0.0 |   655
           D:3 |       0 |     359 |   0.0 |       0 |      45 |   0.0 |   878
           D:4 |       0 |     202 |   0.0 |       0 |      15 |   0.0 |   471
           D:5 |       0 |       6 |   0.0 |       0 |       3 |   0.0 |     9
               +---------+---------+-------+---------+---------+-------+---------

Vault maps used:
D:1:      grunt_arrival_lava_bath, nemelex_xobeh_ov_fountains_minmay
D:2:      old_standard_altar, uniq_terence, uniq_natasha, uniq_jessica
D:3:      first_ration, minmay_close_crescents
D:4:      kennysheep_little_box, okawaru_trees_1,
          gammafunk_temple_overflow_pools, dk_xom_monty_hall, uniq_grinder,
          uniq_ijyb
D:5:      serial_shops, nicolae_shop_crystal, hangedman_glass_teeth,
          minmay_holes

Table legend:
 A = Turns spent in this place as a percentage of turns spent in the entire game.
 B = Non-inter-level travel turns spent in this place as a percentage of non-inter-level travel turns spent in the entire game.
 C = Inter-level travel turns spent in this place as a percentage of turns spent in this place.
 D = Turns resting spent in this place as a percentage of non-inter-level travel turns spent in this place.
 E = Turns spent auto-exploring this place as a percentage of non-inter-level travel turns spent in this place.
 F = Non-inter-level travel turns spent in this place divided by the number of levels of this place that you've seen.
                   A       B       C       D       E      F
               +-------+-------+-------+-------+-------+----------------------
         Total | 100.0 | 100.0 |   6.1 |   4.9 |  68.3 | 502.4
       Dungeon | 100.0 | 100.0 |   6.1 |   4.9 |  68.3 | 502.4
               +-------+-------+-------+-------+-------+----------------------

Table legend:
 A = Kills in this place as a percentage of kills in entire the game.
 B = Kills by you in this place as a percentage of kills by you in the entire game.
 C = Kills by friends in this place as a percentage of kills by friends in the entire game.
 D = Other kills in this place as a percentage of other kills in the entire game.
 E = Experience gained in this place as a percentage of experience gained in the entire game.
 F = Experience gained in this place divided by the number of levels of this place that you have seen.
                   A       B       C       D       E      F
               +-------+-------+-------+-------+-------+----------------------
         Total | 100.0 | 100.0 |   N/A |   N/A | 100.0 | 172.4
       Dungeon | 100.0 | 100.0 |   N/A |   N/A | 100.0 | 172.4
               +-------+-------+-------+-------+-------+----------------------
